 Dungeon Crawl Stone Soup version 0.20.1-1-g8b1a95d (webtiles) character file.

196 ChromeMolly the Sneak (level 5, -2/36 HPs)
             Began as an Octopode Fighter on Dec 11, 2017.
             Slain by amavritansky's ghost (13 damage)
             ... on level 3 of the Dungeon.
             The game lasted 00:09:23 (2664 turns).

ChromeMolly the Sneak (Octopode Fighter)            Turns: 2664, Time: 00:09:24

Health: -2/36      AC:  1    Str: 21    XL:     5   Next: 74%
Magic:  6/6        EV: 12    Int: 12    God:
Gold:   153        SH:  9    Dex: 12    Spells: 6/6 levels left

rFire    . . .     SeeInvis .   a - +0 war axe
rCold    . . .     Gourm    .   b - +0 shield
rNeg     . . .     Faith    .   (helmet restricted)
rPois    .         Spirit   .   (no amulet)
rElec    .         Reflect  .   l - ring of protection from magic
rCorr    .         Harm     .   u - +2 ring of intelligence (curse)
MR       +....                  (no ring)
Stlth    +++.......             (no ring)
Regen    0.2/turn               (no ring)
MPRegen  0.1/turn               (no ring)
                                (no ring)
                                (no ring)

@: mighty
A: almost no armour, stealthy swim, amphibious, 8 rings, constrict 8, camouflage
1, gelatinous body 1
a: no special abilities


You were on level 3 of the Dungeon.
You were hungry.

You visited 1 branch of the dungeon, and saw 4 of its levels.

You collected 153 gold pieces.

Inventory:

Hand Weapons
 a - a +0 war axe (weapon)
 e - a +0 dagger
Missiles
 h - 34 stones (quivered)
Armour
 b - a +0 shield (worn)
Jewellery
 l - a ring of protection from magic (left tentacle)
 u - a cursed +2 ring of intelligence (right tentacle)
Scrolls
 g - a scroll of blinking {unknown}
 i - a scroll of magic mapping
 j - a scroll of fear {unknown}
 m - a scroll of random uselessness {unknown}
 r - a scroll of immolation {unknown}
 v - a scroll of remove curse {unknown}
Potions
 n - 2 potions of agility {unknown}
 o - 2 potions of heal wounds
 q - 2 potions of curing
 s - a potion of flight {unknown}
 t - 2 potions of degeneration {unknown}
Books
 w - a book of Maledictions

   Spells                             Type                      Level
   a - Corona                         Hexes                        1
   b - Ensorcelled Hibernation        Hexes/Ice                    2
   c - Confuse                        Hexes                        3
   d - Tukima's Dance                 Hexes                        3
   e - Dazzling Spray                 Conjuration/Hexes            3
Comestibles
 d - 3 bread rations
 f - 2 fruits
 k - a chunk of flesh
 p - a royal jelly
 x - a meat ration


   Skills:
 + Level 3.5 Fighting
 * Level 1.1 Short Blades
 + Level 2.1 Axes
 + Level 1.0 Throwing
 + Level 3.5 Dodging
 * Level 4.1 Stealth
 + Level 3.7 Shields
 * Level 1.1 Spellcasting


You had 6 spell levels left.
You didn't know any spells.

Dungeon Overview and Level Annotations

Branches:
Dungeon (4/15)
 Temple: D:4-7

Altars:
Cheibriados

Annotations:
D:3 amavritansky's ghost, amateur MiFi


Innate Abilities, Weirdness & Mutations

You cannot wear most types of armour.
You are very stealthy in the water. (Stealth+)
You are amphibious.
You can wear up to eight rings at the same time.
You can use your tentacles to constrict eight enemies at once.
Your skin changes colour to match your surroundings (Stealth+).
Your rubbery body absorbs attacks. (AC +1, EV +1)


Message History

You barely miss amavritansky's ghost.
Amavritansky's ghost is lightly damaged.
Amavritansky's ghost misses you.
You block amavritansky's ghost's attack.
You hit amavritansky's ghost.
Amavritansky's ghost is moderately damaged.
Amavritansky's ghost keens inconsolably.
Amavritansky's ghost hits you!
You barely miss amavritansky's ghost.
Amavritansky's ghost is moderately damaged.
You block amavritansky's ghost's attack.
Amavritansky's ghost misses you.
You slash amavritansky's ghost! You squeeze amavritansky's ghost.
Amavritansky's ghost is severely damaged.
Amavritansky's ghost hits you!
Your shield prevents you from hitting amavritansky's ghost.
You squeeze amavritansky's ghost.
Amavritansky's ghost is severely damaged.
Amavritansky's ghost hits you!
You die...

#.##>#
#..l.....
#.##.#
#######l#
#.##.# #W#
##.##.# #<#
######...#.#
#.#
...........#
######.#
######.)...#
#.......
##.#..#####
#.####..
#.#...@†.# #..
#....W##.# #..
#.##.K.. ..
#..
#.##.........
...
#.##.....#####
...# #.
...#### #####
..... #####


You could see amavritansky's ghost and a kobold.

Vanquished Creatures
  An orc priest (D:3)
  A worker ant (D:4)
  5 adders
  2 worms (D:3)
  3 dart slugs
  5 leopard geckos
  11 orcs
  2 giant cockroaches (D:2)
  7 goblins
  5 hobgoblins
  4 jackals (D:1)
  A quokka (D:3)
  8 bats
  2 frilled lizards (D:1)
  7 kobolds
  7 rats
71 creatures vanquished.

Notes
Turn   | Place    | Note
-------+----------+-------------------------------------------
     0 | D:1      | ChromeMolly the Octopode Fighter began the quest for the Orb.
     0 | D:1      | Reached XP level 1. HP: 16/16 MP: 1/1
    70 | D:1      | Reached skill level 1 in Stealth
    72 | D:1      | Reached XP level 2. HP: 15/21 MP: 2/2
   574 | D:1      | Reached XP level 3. HP: 26/26 MP: 3/3
   970 | D:2      | Reached skill level 2 in Stealth
  1363 | D:2      | Found a snail-covered altar of Cheibriados.
  1367 | D:2      | Reached XP level 4. HP: 22/31 MP: 4/4
  1668 | D:2      | You fall through a shaft for 2 floors!
  1674 | D:4      | Reached skill level 1 in Throwing
  1674 | D:4      | Reached skill level 3 in Stealth
  1860 | D:3      | Noticed amavritansky's ghost (amateur MiFi)
  2083 | D:2      | Reached XP level 5. HP: 36/36 MP: 6/6
  2234 | D:3      | Reached skill level 1 in Spellcasting
  2236 | D:3      | Reached skill level 1 in Short Blades
  2422 | D:3      | Reached skill level 4 in Stealth
  2664 | D:3      | Slain by amavritansky's ghost

Skill      XL: |  1  2  3  4  5 |
---------------+----------------+-----
Stealth        | 1 2 3 4 |  4.1
Throwing       | 1 |  1.0
Spellcasting   | 1 |  1.1
Short Blades   | 1 |  1.1
Fighting       | |  3.5
Axes           | |  2.1
Dodging        | |  3.5
Shields        | |  3.7

Action                   |  1- 3 |  4- 6 || total
-------------------------+-------+-------++-------
Melee: War axe           |    21 |    20 ||    41
       Constrict         |    18 |    23 ||    41
       Tentacles         |    12 |    17 ||    29
       Dagger            |    36 |    56 ||    92
Throw: Stone             |    18 |     4 ||    22
  Use: Scroll            |       |     3 ||     3
       Potion            |       |     1 ||     1
 Stab: Sleeping          |     8 |     7 ||    15
       Distracted        |       |     1 ||     1
  Eat: Chunk             |     1 |     4 ||     5
Armor: Skin              |     4 |       ||     4
Dodge: Dodged            |    18 |    21 ||    39
Block: Shield            |    25 |    31 ||    56
